 Dungeon Crawl Stone Soup version 0.32-a0-791-gfc315c9ecd (webtiles) character file.

Game seed: 2114111361532173649

21 ezpacito the Trooper (level 2, 0/24 HPs)
             Began as a Coglin Chaos Knight on Mar 20, 2024.
             Was a Plaything of Xom.
             Slain by a gnoll
             ... wielding a +0 spear
              (3 damage)
             ... on level 2 of the Dungeon.
             The game lasted 00:01:20 (798 turns).

ezpacito the Trooper (Coglin Chaos Knight)           Turns: 798, Time: 00:01:21

Health: 0/24       AC:  6    Str: 12    XL:     2   Next: 83%
Magic:  2/2        EV: 10    Int: 11    God:    Xom [....*.]
Gold:   44         SH:  0    Dex: 13    Spells: 1/1 levels left

rFire   . . .        a - +0 hand axe (chaos) {Xue}
rCold   . . .        d - +0 dagger {Sebastián}
rNeg    . . .        b - +2 leather armour
rPois   .            (no helmet)
rElec   .            (no cloak)
rCorr   .            (no gloves)
SInv    .            h - +0 pair of boots
Will    .....        (amulet unavailable)
Stlth   +            (ring unavailable)
HPRegen 0.24/turn    (ring unavailable)
MPRegen 0.08/turn    (no gizmo)

%: no passive effects
@: revving
A: off-hand wielding, slow wielding, warmup strikes, no jewellery
a: Invent Gizmo, Renounce Religion


You were on level 2 of the Dungeon.
You worshipped Xom.
You were a beloved toy of Xom.
You visited 1 branch of the dungeon, and saw 2 of its levels.

You collected 44 gold pieces.

Inventory:

Hand Weapons
 a - a +0 hand axe of chaos (weapon) {Xue}
 d - a +0 dagger (offhand) {Sebastián}
Armour
 b - a +2 leather armour (worn)
 h - a +0 pair of boots (worn)
Scrolls
 f - a scroll of noise
Potions
 g - 2 potions of enlightenment {unknown}
 i - a potion of curing {unknown}


   Skills:
 * Level 3.2 Fighting
 * Level 3.0(3.1) Axes
 + Level 0.5(1.8) Polearms
 * Level 2.0 Armour
 * Level 1.3 Dodging
 + Level 0.0 Stealth
 + Level 0.2 Spellcasting


You had one spell level left.
You didn't know any spells.
Your spell library was empty.

Dungeon Overview and Level Annotations

Branches:
Dungeon (2/15)

Altars:


Innate Abilities, Weirdness & Mutations

You can wield a second weapon in your off-hand.
It takes a long time for you to wield or remove held weapons.
Your first few attacks do less damage.
You cannot equip rings or amulets.


Message History

The frilled lizard is heavily wounded.
You hit the frilled lizard with your +0 hand axe of chaos.
You burn the frilled lizard.
You kill the frilled lizard!
The rat returns to its original shape as it dies.
The gnoll misses you.
You see here a rat corpse.
The gnoll hits you with a +0 spear.
You take 5 damage, and have 16/24 hp.
MASSIVE DAMAGE!!
You closely miss the gnoll with your +0 dagger.
You barely miss the gnoll with your +0 hand axe of chaos.
The gnoll hits you but does no damage. The gnoll barely misses you.
You closely miss the gnoll with your +0 hand axe of chaos.
You hit the gnoll but do no damage. The gnoll barely misses you. x2
You hit the gnoll but do no damage.
You hit the gnoll with your +0 hand axe of chaos.
The gnoll barely misses you.
The gnoll hits you from afar with a +0 halberd of freezing.
The gnoll freezes you.
You take 6 damage, and have 11/24 hp.
MASSIVE DAMAGE!!
The gnoll hits you from afar with a +0 spear.
* * * LOW HITPOINT WARNING * * *
You see here a rat corpse.
You take 4 damage, and have 7/24 hp.
The gnoll attacks as it pursues you!
The gnoll hits you from afar with a +0 spear.
* * * LOW HITPOINT WARNING * * *
You take 1 damage, and have 6/24 hp.
The gnoll attacks as it pursues you!
The gnoll hits you from afar with a +0 spear.
* * * LOW HITPOINT WARNING * * *
You take 3 damage, and have 3/24 hp.
Okay, then.
You aren't carrying any items that you can evoke.
As you read the scroll labelled FIEMNOWAGA, it crumbles to dust.
It is a scroll of identify.
f - a scroll of noise The gnoll hits you from afar with a +0 spear.
You die...
Xom bursts into laughter!

### #.# #.# #..
#.# #.#
#####.#######
#....ggg.@.<#
#.##.########## #
#.....)b.....
###.#.b####b.....
#....bb.bb..####.
#.#.#b.bb...#
#.#.b.lbbg# #
#.!bbgb##
#b.bb.g....


You could see 3 gnolls.

Vanquished Creatures
  A dart slug (D:1)
  3 bats (D:1)
  2 endoplasms (D:1)
  2 hobgoblins (D:1)
  2 ball pythons (D:1)
  A frilled lizard (D:2)
  A goblin (D:1)
  5 kobolds
  2 rats
19 creatures vanquished.

Notes
Turn   | Place    | Note
-------+----------+-------------------------------------------
     0 | D:1      | ezpacito the Coglin Chaos Knight began the quest for the
                  | Orb.
     0 | D:1      | Reached XP level 1. HP: 18/18 MP: 1/1
    25 | D:1      | Found a faded altar of an unknown god.
    93 | D:1      | Reached skill level 1 in Dodging
   153 | D:1      | XOM: silly message
   171 | D:1      | Reached XP level 2. HP: 15/24 MP: 2/2
   619 | D:1      | XOM: silly message
   770 | D:2      | XOM: polymorph rat -> frilled lizard
   798 | D:2      | Slain by a gnoll

Illustrated notes

Levels and vault maps discovered:
D:1:      orjb1_clovarrival, layout_loops_ring, basic_ecumenical_altar,
          kennysheep_flooded_box
D:2:      layout_basic

Skill      XL: |  1  2 |
---------------+-------+-----
Dodging        | 1 |  1.3
Armour         | 2 |  2.0
Fighting       | |  3.2
Axes           | |  3.0
Polearms       | |  0.5
Spellcasting   | |  0.2

Action                     || total
---------------------------++-------
  Melee: Hand axe          ||    38
         Dagger            ||    34
    Use: Scroll            ||     2
   Stab: Sleeping          ||     1
         Confused          ||     1
 Armour: Leather armour    ||    25
  Dodge: Dodged            ||    27

Table legend: (Time is in decaauts)
 A = Elapsed time spent in this place.
 B = Non-inter-level travel time spent in this place.
 C = Inter-level travel time spent in this place.
 D = Time resting spent in this place.
 E = Time spent auto-exploring this place.
 F = Levels seen in this place.
 G = Mean time per level.
                   A        B        C        D        E       F      G
               +--------+--------+--------+--------+--------+-----+--------+
         Total |    813 |    786 |     27 |      0 |    649 |   2 |  406.5 |
       Dungeon |    813 |    786 |     27 |      0 |    649 |   2 |  406.5 |
               +--------+--------+--------+--------+--------+-----+--------+

Top non-repeatable levels by time:
     D:1: 762 daAuts
     D:2: 50 daAuts
